 Dungeon Crawl Stone Soup version 0.28-a0-1567-g1695149f81 (webtiles) character file.

Game seed: 5135969204334573824

54 Pin the Chopper (level 3, 0/31 HPs)
             Began as a Hill Orc Monk on Jan 19, 2022.
             Slain by an adder (4 damage)
             ... on level 3 of the Dungeon.
             The game lasted 00:02:51 (1205 turns).

Pin the Chopper (Hill Orc Monk)                     Turns: 1205, Time: 00:02:51

Health: 0/31       AC:  5    Str: 15    XL:     3   Next: 91%
Magic:  3/3        EV: 11    Int: 10    God:
Gold:   51         SH:  0    Dex: 13    Spells: 2/2 levels left

rFire   . . .      SeeInvis .   a - +0 hand axe
rCold   . . .      Faith    .   (no shield)
rNeg    . . .      Spirit   .   e - +0 ring mail
rPois   .          Reflect  .   (no helmet)
rElec   .          Harm     .   (no cloak)
rCorr   .          Rampage  .   (no gloves)
Will    .....                   (no boots)
Stlth   +.........              (no amulet)
HPRegen 0.10/turn               (no ring)
MPRegen 0.08/turn               (no ring)

@: lethally poisoned (0 -> -4)
A: no striking features
a: no special abilities


You were on level 3 of the Dungeon.
You visited 1 branch of the dungeon, and saw 3 of its levels.

You collected 51 gold pieces.

Inventory:

Hand Weapons
 a - a +0 hand axe (weapon)
Armour
 e - a +0 ring mail (worn)
Scrolls
 c - a scroll of enchant weapon {unknown}
Potions
 b - a potion of attraction {unknown}
 d - a potion of might {unknown}


   Skills:
 - Level 3.6 Fighting
 - Level 4.0 Axes
 + Level 3.7 Armour
 - Level 2.4 Dodging
 - Level 1.5 Stealth


You had 2 spell levels left.
You didn't know any spells.
Your spell library was empty.

Dungeon Overview and Level Annotations

Branches:
Dungeon (3/15)

Altars:
Gozag


Message History

You hit the centaur skeleton but do no damage.
The centaur skeleton is severely damaged.
The centaur skeleton closely misses you.
The centaur skeleton kicks you but does no damage.
The centaur skeleton closely misses you.
The centaur skeleton kicks you but does no damage.
You hit the centaur skeleton.
The centaur skeleton is almost destroyed.
The centaur skeleton hits you. The centaur skeleton barely misses you.
You hit the centaur skeleton.
The centaur skeleton is almost destroyed.
The centaur skeleton hits you. The centaur skeleton kicks you.
You slash the centaur skeleton!
You destroy the centaur skeleton!
Your Armour skill increases to level 3!
You start resting.
An adder comes into view.
An adder is nearby!
An adder is nearby!
You are too injured to fight recklessly!
You are too injured to fight recklessly!
The adder hisses angrily.
The adder bites you.
You are poisoned.
The adder poisons you!
You closely miss the adder.
You feel sick. The adder closely misses you.
You closely miss the adder.
You feel sick. The adder bites you.
* * * LOW HITPOINT WARNING * * *
You are lethally poisoned!
The adder poisons you!
You miss the adder.
* * * LOW HITPOINT WARNING * * *
You feel sick. The adder closely misses you. The adder barely misses you.
You closely miss the adder.
* * * LOW HITPOINT WARNING * * *
You feel sick. The adder barely misses you.
You miss the adder.
* * * LOW HITPOINT WARNING * * *
You feel sick. The adder bites you.
You die...

#.. #.< #.# #######.#
........##
#...........# ###
#..#######..# ..#
#..#.#####..# #.#
#...#..S@...# #.#
#..##..####.# #.#
######..#....# .# #.#
........#...## .# #.#
#)....####.# #<#
#..........# #.#
###...###### #.#
#####...# #.#
..(......############.#


You could see an adder.

Vanquished Creatures
  A centaur skeleton (D:3)
  A worm (D:3)
  A dart slug (D:2)
  2 ball pythons (D:2)
  3 bats (D:2)
  4 endoplasms
  A giant cockroach (D:2)
  2 hobgoblins
  A kobold (D:3)
  A quokka (D:2)
  3 rats (D:2)
20 creatures vanquished.

Notes
Turn   | Place    | Note
-------+----------+-------------------------------------------
     0 | D:1      | Pin the Hill Orc Monk began the quest for the Orb.
     0 | D:1      | Reached XP level 1. HP: 19/19 MP: 1/1
    87 | D:1      | You fall into a shaft and drop 1 floor!
   112 | D:2      | Found an opulent altar of Gozag.
   116 | D:2      | Reached skill level 1 in Armour
   232 | D:2      | Reached XP level 2. HP: 15/26 MP: 2/2
  1029 | D:3      | Reached XP level 3. HP: 25/31 MP: 3/3
  1205 | D:3      | Slain by an adder

Illustrated notes

Levels and vault maps discovered:
D:1:      elethiomel_arrival_infinity_welcomes_careful_drivers,
          layout_loops_ring, dilly_ecumenical_altar_fadedgnrine,
          minmay_crystal_room
D:2:      layout_loops_ring, basic_altar
D:3:      layout_loops_ring

Skill      XL: |  1  2  3 |
---------------+----------+-----
Armour         | 1 2 3 |  3.7
Fighting       | |  3.6
Axes           | |  4.0
Dodging        | |  2.4
Stealth        | |  1.5

Action                   || total
-------------------------++-------
Melee: Hand axe          ||    72
       Punch             ||     1
 Stab: Sleeping          ||     1
Armor: Robe              ||    12
       Ring mail         ||    15
Dodge: Dodged            ||    44

Table legend: (Time is in decaauts)
 A = Elapsed time spent in this place.
 B = Non-inter-level travel time spent in this place.
 C = Inter-level travel time spent in this place.
 D = Time resting spent in this place.
 E = Time spent auto-exploring this place.
 F = Levels seen in this place.
 G = Mean time per level.
                   A        B        C        D        E       F      G
               +--------+--------+--------+--------+--------+-----+--------+
         Total |   1211 |   1194 |     17 |     17 |    998 |   3 |  403.7 |
       Dungeon |   1211 |   1194 |     17 |     17 |    998 |   3 |  403.7 |
               +--------+--------+--------+--------+--------+-----+--------+

Top non-repeatable levels by time:
     D:2: 916 daAuts
     D:3: 207 daAuts
     D:1: 87 daAuts
